 Dungeon Crawl Stone Soup version 0.29.1-12-g30fa7ad0bf (webtiles) character file.

Game seed: 685732535188999320

38282 GeoRichter the Destroyer (level 13, -1/82 HPs)
             Began as a Deep Elf Conjurer on Dec 31, 2022.
             Was an Initiate of Gozag.
             Blown up by an eye of devastation (36 damage)
             ... with a bolt of energy
             ... on level 5 of the Lair of Beasts.
             The game lasted 01:02:47 (25432 turns).

GeoRichter the Destroyer (Deep Elf Conjurer)       Turns: 25432, Time: 01:02:48

Health: -1/82      AC: 17    Str:  4    XL:     13   Next: 63%
Magic:  18/30      EV: 17    Int: 29    God:    Gozag
Gold:   1849       SH:  6    Dex: 17    Spells: 15/35 levels left

rFire   + + .      SeeInvis .   a - staff of conjuration {!a}
rCold   + + .      Faith    .   P - +1 buckler {AC+3}
rNeg    . . .      Spirit   .   D - +2 robe {rC+ rF+}
rPois   .          Reflect  .   O - +2 helmet
rElec   +          Harm     .   (no cloak)
rCorr   .          Rampage  .   q - +1 pair of gloves
Will    +....                   d - +0 pair of boots {Stlth+}
Stlth   +++.......              y - amulet of regeneration
HPRegen 1.03/turn               N - ring of Kadi {rElec rF+ rC+ Dex+4 Stlth-}
MPRegen 0.22/turn               u - +4 ring of protection

@: forested
A: no striking features
a: Renounce Religion, Potion Petition, Call Merchant, Bribe Branch


You were on level 5 of the Lair of Beasts.
You worshipped Gozag.
Gozag was most pleased with you.
You visited 3 branches of the dungeon, and saw 18 of its levels.

You collected 4965 gold pieces.
You spent 3038 gold pieces at shops.
You paid 78 gold pieces to Gozag.

Inventory:

Hand Weapons
 b - a +1 whip of electrocution
   (You found it on level 4 of the Dungeon)
 I - a +1 dagger of freezing
   (You took it off a wight on level 8 of the Dungeon)
Missiles
 M - 7 curare-tipped darts {!f}
Armour
 d - a +0 pair of boots of stealth (worn)
   (You bought it in a shop on level 2 of the Dungeon)
 q - a +1 pair of gloves (worn)
   (You bought it in a shop on level 2 of the Dungeon)
 D - a +2 robe of resistance (worn)
   (You found it on level 7 of the Dungeon)
 O - a +2 helmet (worn)
   (You bought it in a shop on level 10 of the Dungeon)
 P - a +1 buckler of protection (worn)
   (You acquired it on level 9 of the Dungeon)
Magical Staves
 a - a staff of conjuration (weapon) {!a}
   (You acquired it on level 6 of the Dungeon)
Jewellery
 i - a +4 ring of evasion
   (You found it on level 2 of the Dungeon)
 t - an amulet of magic regeneration
   (You bought it in a shop on level 2 of the Orcish Mines)
 u - a +4 ring of protection (right hand)
   (You found it on level 3 of the Dungeon)
 y - an amulet of regeneration (around neck)
   (You found it on level 4 of the Dungeon)
 N - the ring of Kadi (left hand) {rElec rF+ rC+ Dex+4 Stlth-}
   (You bought it in a shop on level 6 of the Dungeon)

   [ring of protection from fire]

   Dex:       It affects your dexterity (+4).
   rF:        It protects you from fire.
   rC:        It protects you from cold.
   rElec:     It insulates you from electricity.
   Stlth:     It makes you less stealthy.
Wands
 g - a wand of roots (13)
   (You found it on level 4 of the Lair of Beasts)
 j - a wand of acid (2)
   (You found it on level 4 of the Lair of Beasts)
 z - a wand of paralysis (14)
   (You took it off an orc priest on level 4 of the Dungeon)
 H - a wand of mindburst (27)
   (You found it on level 1 of the Lair of Beasts)
Scrolls
 e - 5 scrolls of brand weapon
 h - a scroll of silence {unknown}
 k - 2 scrolls of enchant armour
 l - 2 scrolls of immolation {!r}
 n - a scroll of poison {!r}
 o - 2 scrolls of amnesia
 p - a scroll of enchant weapon {unknown}
 w - 2 scrolls of fog {unknown}
 A - 2 scrolls of fear
 E - 2 scrolls of blinking
 F - 4 scrolls of identify {@r1}
 G - 5 scrolls of teleportation {@r4}
 L - a scroll of magic mapping {unknown}
 Q - a scroll of vulnerability {unknown}
Potions
 c - 3 potions of haste {@q3}
 f - a potion of flight
 m - a potion of might
 r - 2 potions of lignification {!q}
 s - 2 potions of berserk rage
 v - a potion of cancellation {unknown}
 x - 8 potions of heal wounds {@q2}
 B - 7 potions of brilliance
 C - 11 potions of curing {@q1}
 J - a potion of ambrosia
 K - 5 potions of mutation {!q}


   Skills:
 + Level 9.8 Fighting
 - Level 9.1 Dodging
 - Level 4.0 Stealth
 + Level 3.6 Shields
 + Level 11.9 Spellcasting
 - Level 12.9 Conjurations
 + Level 6.8 Hexes
 - Level 7.6 Summonings
 - Level 9.1 Translocations
 - Level 4.0 Evocations


You had 15 spell levels left.
You knew the following spells:

 Your Spells              Type           Power      Damage    Failure   Level
a - Magic Dart            Conj           100%       1d8       1%          1
b - Searing Ray           Conj           100%       2d8       1%          2
c - Iskenderun's Mystic   Conj/Tloc      89%        2d17      1%          4
d - Fulminant Prism       Conj/Hex       42%        3d20      1%          4
e - Summon Forest         Summ/Tloc      30%        N/A       3%          5
f - Cause Fear            Hex            27%        N/A       2%          4

Your spell library contained the following spells:

 Spells                   Type           Power      Damage    Failure   Level
 Blink                    Tloc           100%       N/A       1%          2
 Ensorcelled Hibernation  Hex/Ice        74%        N/A       1%          2
 Static Discharge         Conj/Air       70%        3-12/arc  1%          2
 Dazzling Flash           Conj/Hex       100%       N/A       1%          3
 Lesser Beckoning         Tloc           63%        N/A       1%          3
 Sticky Flame             Conj/Fire      70%        2d8       2%          4
 Manifold Assault         Tloc           63%        N/A       2%          5
 Inner Flame              Hex/Fire       37%        N/A       3%          3
 Summon Mana Viper        Hex/Summ       56%        N/A       5%          5
 Passwall                 Tmut/Erth      14%        N/A       6%          2
 Poisonous Vapours        Pois/Air       34%        N/A       6%          2
 Lightning Bolt           Conj/Air       35%        1d53      8%          5
 Summon Lightning Spire   Summ/Air       39%        N/A       9%          4
 Swiftness                Air            17%        N/A       12%         3
 Summon Cactus Giant      Summ           29%        N/A       26%         6
 Airstrike                Air            8%         2d(2-18)  38%         4
 Dispel Undead            Necr           17%        3d10      38%         4
 Discord                  Hex            27%        N/A       100%        8
 Corpse Rot               Necr/Pois/Air  Unusable   N/A       N/A         4

Dungeon Overview and Level Annotations

Branches:
Dungeon (11/15) Zot: 26937  Temple (0/1) D:6            Lair (5/5) D:8 Zot: 22841
 Shoals (0/4) Lair:3       Spider (0/4) Lair:2          Orc (2/2) D:10 Zot: 8991
    Elf (0/3) Orc:2
  Slime: Lair:4-5

Altars:
Cheibriados
Fedhas
Gozag
Makhleb
Trog
Yredelemnul
Zin
The Shining One

Shops:
D:2 **(   D:6 ?=!(   D:7 :   D:10 [(?   Orc:2 (![?=:

Annotations:
Lair:4 exclusion: oklob plant


Message History

Level annotation: exclusion: oklob plant
There is a stone staircase leading up here.
There is a stone staircase leading down here.
You climb downwards.
There is a stone staircase leading up here.
You now have 1846 gold pieces (gained 6).
You now have 1849 gold pieces (gained 3).
An eye of devastation is nearby!
A forested plane collides here with a resounding crunch!
Your dryad calls out to the forest.
The forest starts to sway and rumble!
The eye of devastation turns its gaze towards you.
You hear a bellow! x2; You hear an angry hiss.
The eye of devastation gazes at you. The bolt of energy hits you!!
You feel roots moving beneath the ground.
A tree reaches out and hits the fungus!
The fungus begins to die.
You feel a surge of power!
You conjure a prism of explosive energy!
A fulminant prism comes into view.
The eye of devastation is hit by a branch!
A root smacks the fungus from below!
A yak comes into view.
The eye of devastation gazes at you. The bolt of energy misses your dryad.
The bolt of energy misses you.
The eye of devastation is hit by a branch!
A root smacks the fungus from below!
Your fulminant prism crackles loudly.
A root smacks the eye of devastation from below!
The fungus is hit by a branch!
The eye of devastation gazes at your fulminant prism.
The bolt of energy hits your fulminant prism!!
The blast of energy engulfs the eye of devastation!
The blast of energy engulfs your dryad!!
Your dryad disappears in a puff of smoke!
The forest abruptly stops moving.
You hear a bellow!
You hear an angry hiss. x3; You hear a trumpeting!
Aim: an eye of devastation (severely wounded, 100% to hit)
You feel a surge of power!
The searing ray hits the eye of devastation! (Press . to maintain the ray.)
A nearby fungus withers and dies.
The eye of devastation gazes at you. The bolt of energy hits you!!
* * * LOW HITPOINT WARNING * * *
The searing ray hits the eye of devastation but does no damage.
The searing ray hits the eye of devastation.
The eye of devastation gazes at you. The bolt of energy hits you!!!
You die...

#...... #....♣ #....
#..# #♣♣##♣ ##..♣
..~.~~##..# ..~~~~~.#.##
♣.~~~~~....#
.##~.~.@...♣ #~.~~#♣.#♣#
♣#........##
#G.........###
..............##
..♣#............# ######
................###..##.
#.....................
##.......#...##.#..###


You could see an eye of devastation.

Vanquished Creatures
  Nessos (Orc:2)
  A boulder beetle (Lair:3)
  6 hydras
  2 two-headed ogres
  3 orc high priests (Orc:2)
  2 manticores (D:10)
  4 orc knights (Orc:2)
  4 orc sorcerers
  5 black mambas
  Joseph (D:7)
  3 cane toads
  A rime drake (Lair:2)
  Psyche (D:8)
  4 komodo dragons
  7 trolls
  2 merfolk (Lair:3)
  10 hornets
  A polar bear (Lair:2)
  A dream sheep (Lair:5)
  Sigmund (D:2)
  3 shadows
  2 jumping spiders (Lair:2)
  5 wyverns
  2 wraiths
  15 yaks
  A culicivora (Lair:2)
  A basilisk (Lair:5)
  A redback (Lair:2)
  Grum (D:9)
  A steam dragon (D:8)
  An acid dragon (D:10)
  8 water moccasins
  A floating eye (Lair:5)
  2 sky beasts
  2 ice beasts
  22 orc warriors
  3 black bears
  2 ogres
  6 centaurs
  23 wolves
  2 phantoms (D:5)
  3 kobold brigands
  2 gnoll sergeants
  10 bullfrogs
  A necrophage (D:6)
  4 scorpions
  16 wights
  13 killer bees
  4 electric eels
  A howler monkey (D:5)
  9 hounds
  5 jellies
  15 orc priests
  A gnoll bouda (D:7)
  2 iguanas
  14 orc wizards
  8 gnolls
  8 adders
  2 white imps
  2 ufetubi
  3 worms
  7 dart slugs
  60 orcs
  10 ball pythons
  6 bats
  15 endoplasms
  4 giant cockroaches
  8 goblins
  8 hobgoblins
  2 jackals (D:1)
  4 quokkas
  4 frilled lizards
  28 kobolds
  4 rats
  A snaplasher vine (Orc:2)
448 creatures vanquished.

Vanquished Creatures (collateral kills)
  An ettin (Orc:2)
  A two-headed ogre (D:10)
  An orc knight (Orc:2)
  An orc sorcerer (Orc:2)
  A warg (Orc:1)
  2 orc warriors
  An orc priest (Orc:2)
  3 orc wizards
  3 orcs
14 creatures vanquished.

Vanquished Creatures (others)
  104 fulminant prisms
  44 fungi
  46 plants
  2 snaplasher vines (Orc:2)
  11 toadstools
207 creatures vanquished.

Grand Total: 669 creatures vanquished

Notes
Turn   | Place    | Note
-------+----------+-------------------------------------------
     0 | D:1      | GeoRichter the Deep Elf Conjurer began the quest for the
                  | Orb.
     0 | D:1      | Reached XP level 1. HP: 10/10 MP: 6/6
    68 | D:1      | You fall into a shaft and drop 1 floor!
   198 | D:2      | Found Foczur's Weapon Emporium.
   254 | D:2      | Reached XP level 2. HP: 11/15 MP: 4/8
  1001 | D:2      | Found Lelinnop's General Store.
  1009 | D:2      | Noticed Sigmund
  1012 | D:2      | Found a faded altar of an unknown god.
  1079 | D:2      | Found Gacwoacy's General Store.
  1214 | D:2      | Reached XP level 3. HP: 18/19 MP: 2/9
  1360 | D:2      | Bought a scroll of identify for 28 gold pieces
  1698 | D:1      | Reached skill level 5 in Conjurations
  2129 | D:2      | Bought a +0 pair of gloves for 63 gold pieces
  2395 | D:3      | Learned a level 2 spell: Searing Ray
  2534 | D:3      | Reached XP level 4. HP: 24/24 MP: 7/11
  2542 | D:3      | Learned a level 4 spell: Iskenderun's Mystic Blast
  2840 | D:3      | Found a snail-covered altar of Cheibriados.
  3525 | D:3      | Reached skill level 1 in Translocations
  3569 | D:3      | Reached skill level 6 in Conjurations
  3569 | D:3      | Reached XP level 5. HP: 28/28 MP: 2/12
  4019 | D:4      | Reached XP level 6. HP: 32/32 MP: 9/13
  4054 | D:4      | Found an opulent altar of Gozag.
  4060 | D:4      | Became a worshipper of Gozag Ym Sagoz the Greedy
  4293 | D:4      | Reached skill level 7 in Conjurations
  4374 | D:4      | Noticed a sky beast
  4674 | D:4      | Reached XP level 7. HP: 36/36 MP: 8/14
  4969 | D:2      | Killed Sigmund
  4970 | D:2      | Reached skill level 8 in Conjurations
  5016 | D:2      | Bought a +0 pair of boots of stealth for 149 gold pieces
  5086 | D:5      | Entered Level 5 of the Dungeon
  5327 | D:5      | Reached skill level 9 in Conjurations
  5327 | D:5      | Reached skill level 1 in Evocations
  5607 | D:5      | Reached skill level 1 in Fighting
  5607 | D:5      | Reached XP level 8. HP: 43/43 MP: 7/15
  6673 | D:6      | Reached skill level 10 in Conjurations
  6877 | D:6      | Found Gonuraof's Distillery.
  6881 | D:6      | Found Keuz's Magic Scroll Shop.
  6903 | D:6      | Found Puskol's Jewellery Shop.
  6903 | D:6      | Found Waphyput's Weapon Shoppe.
  7005 | D:6      | Found a staircase to the Ecumenical Temple.
  7410 | D:6      | Bought a potion of curing for 33 gold pieces
  7410 | D:6      | Bought a potion of curing for 33 gold pieces
  7410 | D:6      | Bought a potion of curing for 33 gold pieces
  7410 | D:6      | Bought a potion of curing for 33 gold pieces
  7871 | D:7      | Reached XP level 9. HP: 21/50 MP: 6/16
  8006 | D:7      | Found Vualunuez's Book Emporium.
  8058 | D:7      | Learned a level 4 spell: Fulminant Prism
  8124 | D:7      | Found a basalt altar of Yredelemnul.
  8153 | D:7      | Found a blossoming altar of Fedhas.
  8154 | D:7      | Found a glowing silver altar of Zin.
  8154 | D:7      | Found a glowing golden altar of the Shining One.
  8299 | D:7      | Reached skill level 1 in Hexes
  8343 | D:7      | Reached skill level 11 in Conjurations
  8440 | D:7      | Found a burning altar of Makhleb.
  8632 | D:6      | Bought a scroll of acquirement for 572 gold pieces
  8632 | D:6      | Acquired a staff of conjuration
  8657 | D:7      | Noticed Joseph
  8672 | D:7      | Killed Joseph
  9501 | D:8      | Reached skill level 12 in Conjurations
 10114 | D:8      | Reached skill level 5 in Hexes
 10116 | D:8      | Reached XP level 10. HP: 58/58 MP: 3/17
 10577 | D:8      | Reached skill level 5 in Fighting
 10803 | D:8      | Found a staircase to the Lair.
 11872 | D:8      | Noticed Psyche
 11878 | D:8      | Killed Psyche
 11968 | Lair:1   | Entered Level 1 of the Lair of Beasts
 12008 | Lair:1   | Noticed a black mamba
 12014 | Lair:1   | Killed a black mamba
 12015 | Lair:1   | Reached skill level 5 in Spellcasting
 12264 | Lair:1   | Reached skill level 5 in Dodging
 13060 | D:6      | Bought the ring of Kadi {rElec rF+ rC+ Dex+4 Stlth-} for
                  | 742 gold pieces
 13166 | Lair:1   | Learned a level 5 spell: Summon Forest
 13217 | Lair:1   | Reached XP level 11. HP: 64/64 MP: 14/23
 13797 | Lair:2   | Reached skill level 1 in Summonings
 13834 | Lair:2   | Identified the +9 quarterstaff "Zaweleung" {speed, Int+2}
 14059 | Lair:2   | Reached skill level 5 in Translocations
 15045 | Lair:2   | Found a hole to the Spider Nest.
 15230 | Lair:3   | Paralysed by a hornet for 3 turns
 15438 | Lair:3   | Noticed a boulder beetle
 15448 | Lair:3   | Killed a boulder beetle
 15450 | Lair:3   | Noticed a four-headed hydra
 15719 | Lair:3   | Paralysed by a hornet for 2 turns
 16083 | Lair:3   | Found a staircase to the Shoals.
 16370 | Lair:3   | Killed a four-headed hydra
 16803 | Lair:4   | Noticed a six-headed hydra
 16810 | Lair:4   | Killed a six-headed hydra
 17217 | Lair:4   | Noticed an oklob plant
 17776 | Lair:4   | Noticed a six-headed hydra
 17784 | Lair:4   | Killed a six-headed hydra
 17785 | Lair:4   | Reached XP level 12. HP: 73/73 MP: 12/26
 17864 | Lair:5   | Entered Level 5 of the Lair of Beasts
 18140 | Lair:5   | Noticed a four-headed hydra
 18148 | Lair:5   | Killed a four-headed hydra
 18266 | Lair:5   | Reached skill level 5 in Summonings
 18495 | Lair:5   | Noticed a five-headed hydra
 18580 | Lair:5   | Killed a five-headed hydra
 18920 | Lair:5   | Noticed a five-headed hydra
 18930 | Lair:5   | Killed a five-headed hydra
 20338 | D:9      | Noticed Grum
 20343 | D:9      | Reached skill level 10 in Spellcasting
 20345 | D:9      | Killed Grum
 20517 | D:10     | Entered Level 10 of the Dungeon
 20527 | D:10     | Found Tipulig's Antique Weapon Shoppe.
 20700 | D:10     | Found a staircase to the Orcish Mines.
 20700 | D:10     | Found Vudill's Antique Armour Shoppe.
 21009 | D:10     | Bought a runed helmet for 217 gold pieces
 21053 | D:10     | Found Juynnadd's Magic Scroll Shoppe.
 21060 | D:10     | Bought a scroll of blinking for 112 gold pieces
 21389 | D:10     | Noticed a two-headed ogre
 21412 | D:9      | Acquired a +1 buckler of protection
 21487 | D:10     | Killed a two-headed ogre
 21531 | D:10     | Reached XP level 13. HP: 80/80 MP: 24/29
 21867 | D:10     | Reached skill level 1 in Shields
 21979 | Orc:1    | Entered Level 1 of the Orcish Mines
 22048 | Orc:2    | Entered Level 2 of the Orcish Mines
 22920 | Orc:2    | Noticed an ettin
 22933 | Orc:2    | Killed an ettin
 22993 | Orc:2    | Found Jangenky's Firing Range.
 23005 | Orc:2    | Noticed Nessos
 23016 | Orc:2    | Killed Nessos
 23779 | Orc:2    | Found a staircase to the Elven Halls.
 24209 | Orc:2    | Found Kiuwoec's Distillery.
 24209 | Orc:2    | Found Toyduf's Armour Shop.
 24214 | Orc:2    | Found Wipraleapp's Jewellery Shop.
 24214 | Orc:2    | Found Mofod's Magic Scroll Emporium.
 24223 | Orc:2    | Bought an amulet of magic regeneration for 390 gold pieces
 24226 | Orc:2    | Bought a potion of heal wounds for 55 gold pieces
 24226 | Orc:2    | Bought 2 potions of heal wounds for 110 gold pieces
 24250 | Orc:2    | Found Nuthaugyk's Book Emporium.
 24803 | Orc:1    | Found a bloodstained altar of Trog.
 25079 | D:7      | Bought a book of Hexes for 468 gold pieces
 25084 | D:7      | Learned a level 4 spell: Cause Fear
 25432 | Lair:5   | Blown up by an eye of devastation

Illustrated notes

Levels and vault maps discovered:
D:1:      ncdulo_smallfort, layout_basic, nicolae_kite_square_tiling_tiny
D:2:      layout_loops_corners, nicolae_ecumenical_pavilion, serial_shops, shop,
          nicolae_shop_bloodbath_and_beyond, nicolae_diamond_shop,
          grunt_ministairs_11, uniq_sigmund
D:3:      cheibrodos_fertilizer, layout_basic, lemuel_coloured_pillars_altar,
          minmay_misc_feat_nine_boxes, minmay_quantized
D:4:      kennysheep_six_static_rooms, layout_basic, grunt_gozag_statues,
          minmay_liquid_box
D:5:      layout_rooms, minmay_gold_behind_fungi
D:6:      layout_cave_pods, minmay_temple_entry_antechambers,
          corexii_item_surrounded_by_moat, dk_vineyard_1, grunt_decor_junction,
          nicolae_wooded_promenade
D:7:      layout_loops_ring, mainiacjoe_overflow_small_starburst,
          nicolae_overflow_quartered_altars, serial_shops,
          nicolae_inconvenience_store, minmay_bent, uniq_joseph
D:8:      layout_basic, erik_lair_island, uniq_psyche
D:9:      layout_roguey, kennysheep_generic_room_13, uniq_grum
D:10:     layout_cave_pools, orc_0_dummy, serial_shops, shop,
          nicolae_shop_competitors_out_of_business, shop, nzn_random_ring
D:11:     layout_cave_pools, uniq_urug
Lair:1:   layout_cellular_growth, dreamdust_gnoll_shepherd
Lair:2:   layout_gridlike, spider_nest_entry_funnel_web,
          infiniplex_staircase_pool
Lair:3:   layout_cave_pods, elwin_shoals_entry_rooms, dreamdust_wasp_nest
Lair:4:   layout_regular_city, serial_bayou_lagoon_a, lemuel_fruit_tree
Lair:5:   hangedman_lair_in_review, layout_big_grid, guppyfry_lair_end_dragon,
          minmay_slime_entry_eyes, guppyfry_lair_drakes
Orc:1:    layout_diamond_mine, nicolae_orc_flooded_monolith,
          nicolae_orc_damp_corner, trog_butcher_becter
Orc:2:    grunt_orc_tribal_feast, layout_caves, serial_shops,
          nicolae_shop_statue_plus, nicolae_shop_firing_range, uniq_nessos

Skill      XL: |  1  2  3  4  5  6  7  8  9 10 11 12 13 |
---------------+----------------------------------------+-----
Stealth        | 3 4 |  4.0
Conjurations   | 5 6 7 9 10 12 | 12.9
Translocations | 1 2 3 4 6 8 9 |  9.1
Evocations     | 1 4 |  4.0
Fighting       | 1 3 4 6 8 9 |  9.8
Hexes          | 5 6 |  6.8
Dodging        | 5 7 9 |  9.1
Spellcasting   | 6 8 10 11 | 11.9
Summonings     | 4 6 7 |  7.6
Shields        | 3 |  3.6

Action                   |  1- 3 |  4- 6 |  7- 9 | 10-12 | 13-15 || total
-------------------------+-------+-------+-------+-------+-------++-------
Melee: Staff             |       |       |     3 |    13 |    25 ||    41
       Whip              |       |       |       |    50 |       ||    50
       Punch             |       |       |       |     1 |       ||     1
 Cast: Magic Dart        |    97 |    94 |   211 |   261 |    90 ||   753
       Searing Ray       |       |     8 |    33 |    36 |    12 ||    89
       Iskenderun's Myst |       |       |     9 |    99 |    19 ||   127
       Fulminant Prism   |       |       |     4 |    66 |    34 ||   104
       Summon Forest     |       |       |       |     2 |    12 ||    14
Evoke: Wand              |       |     2 |       |    11 |     9 ||    22
  Use: Scroll            |     2 |     5 |     7 |    12 |       ||    26
       Potion            |       |     1 |     2 |     6 |     1 ||    10
 Stab: Paralysed         |       |       |       |       |    10 ||    10
       Distracted        |       |       |       |       |     1 ||     1
Armor: Robe              |     5 |     4 |    33 |    45 |    11 ||    98
       Skin              |       |       |       |    25 |       ||    25
Dodge: Dodged            |    21 |    13 |   111 |   132 |    43 ||   320
Block: Buckler           |       |       |       |     1 |    14 ||    15
